 Dungeon Crawl Stone Soup version 0.28-a0-622-gbaef9634d7 (webtiles) character file.

Game seed: 924316021655414056

105 ytrimaz the Skirmisher (level 4, 0/61 HPs)
             Began as a Draconian Berserker on Oct 7, 2021.
             Was a Believer of Trog.
             Killed by divine providence
             ... invoked by an orc priest
              (16 damage)
             ... on level 3 of the Dungeon.
             The game lasted 00:01:38 (1624 turns).

ytrimaz the Skirmisher (Draconian Berserker)        Turns: 1624, Time: 00:01:39

Health: 0/61       AC:  5    Str: 21    XL:     4   Next: 53%
Magic:  4/4        EV: 12    Int:  7    God:    Trog [**....]
Gold:   82         SH:  0    Dex: 10    Spells: 3/3 levels left

rFire   . . .      SeeInvis .   c - +2 hand axe (flame)
rCold   . . .      Faith    .   (no shield)
rNeg    . . .      Spirit   .   (armour unavailable)
rPois   .          Reflect  .   (helmet restricted)
rElec   .          Harm     .   (no cloak)
rCorr   .          Rampage  .   (no gloves)
Will    .....                   (no boots)
Stlth   ..........              (no amulet)
HPRegen 0.20/turn               (no ring)
MPRegen 0.09/turn               (no ring)

@: berserking, very quick
A: AC +5, unfitting armour, cold-blooded
a: Renounce Religion, Berserk, Trog's Hand


You were on level 3 of the Dungeon.
You worshipped Trog.
Trog was pleased with you.
You visited 1 branch of the dungeon, and saw 3 of its levels.

You collected 82 gold pieces.

Inventory:

Hand Weapons
 a - a +0 hand axe
 c - a +2 hand axe of flaming (weapon)
Scrolls
 b - 2 scrolls of blinking {unknown}
 d - 2 scrolls of amnesia {unknown}
 e - 2 scrolls of identify {unknown}
 g - a scroll of fog {unknown}
 i - a scroll of enchant armour {unknown}
 j - a scroll of fear {unknown}
Potions
 f - a potion of heal wounds {unknown}
 h - a potion of mutation {unknown}
 k - a potion of curing {unknown}


   Skills:
 * Level 4.4 Fighting
 * Level 4.1 Axes
 + Level 3.2 Dodging


You had 3 spell levels left.
You didn't know any spells.
Your spell library was empty.

Dungeon Overview and Level Annotations

Branches:
Dungeon (3/15)

Altars:
Dithmenos


Innate Abilities, Weirdness & Mutations

Your plain brown scales are hard. (AC +5)
You cannot fit into any form of body armour.
You are cold-blooded and may be slowed by cold attacks.


Message History

Items here: ))) [ ††.
You barely miss the hobgoblin. You hit the orc priest. You burn the orc priest.
The hobgoblin closely misses you. The orc priest completely misses you.
The hobgoblin barely misses you.
You hit the hobgoblin but do no damage.
Your tail-slap misses the hobgoblin.
You hit the orc priest. You burn the orc priest.
The orc priest barely misses you.
An orc comes into view. It is wielding a +0 short sword.
The hobgoblin hits you.
You closely miss the hobgoblin. You closely miss the orc priest.
The orc priest hits you with a +0 hand axe.
The hobgoblin hits you but does no damage.
Unknown command.
Unknown command.
You hit the orc priest. You burn the orc priest.
You tail-slap the orc priest, but do no damage.
The orc priest is severely wounded.
You barely miss the hobgoblin.
The orc priest hits you with a +0 hand axe.
The hobgoblin closely misses you.
You completely miss the orc. You tail-slap the orc.
The orc is heavily wounded.
You hit the hobgoblin. You burn the hobgoblin. The hobgoblin barely misses you.
You hit the orc but do no damage.
The orc is heavily wounded.
You completely miss the hobgoblin. The hobgoblin misses you.
The orc closely misses you.
You hit the orc but do no damage. You tail-slap the orc.
You kill the orc!
Trog accepts your kill.
You barely miss the hobgoblin. The hobgoblin hits you.
The orc priest mumbles some strange prayers to Beogh against you.
Pain shoots through your body!
* * * LOW HITPOINT WARNING * * *
A red film seems to cover your vision as you go berserk!
You feel yourself moving faster!
You feel mighty! The hobgoblin closely misses you.
The orc priest invokes the aid of Beogh against you.
Beogh smites you!
You die...

#..# # #
#..#.# . #.
#..#.
..#.###...
.........#
#.......#
#......<#
#..###.## #@#
#.....g)o.#
........#..#
.#...........
#....###
..... ......
..... ##....
.... #....
#.##


You could see an orc priest and a hobgoblin.

Vanquished Creatures
  Jessica (D:2)
  2 adders (D:2)
  3 gnolls (D:2)
  A dart slug (D:2)
  4 orcs (D:3)
  3 ball pythons
  5 endoplasms
  2 giant cockroaches
  2 hobgoblins (D:2)
  A kobold (D:1)
  A quokka (D:2)
  A bat (D:2)
  A goblin (D:2)
  A rat (D:1)
28 creatures vanquished.

Notes
Turn   | Place    | Note
-------+----------+-------------------------------------------
     0 | D:1      | ytrimaz the Draconian Berserker began the quest for the
                  | Orb.
     0 | D:1      | Reached XP level 1. HP: 19/19 MP: 1/1
   741 | D:2      | Reached XP level 2. HP: 26/26 MP: 2/2
   867 | D:2      | Found a shadowy altar of Dithmenos.
   877 | D:2      | Reached XP level 3. HP: 15/33 MP: 3/3
  1087 | D:2      | Noticed Jessica
  1101 | D:2      | Killed Jessica
  1102 | D:2      | Reached XP level 4. HP: 23/40 MP: 4/4
  1490 | D:2      | Found a faded altar of an unknown god.
  1615 | D:3      | Reached ** piety under Trog
  1624 | D:3      | Killed from afar by an orc priest

Illustrated notes

Levels and vault maps discovered:
D:1:      minmay_arrival_open_corners, layout_basic, minmay_misc_feat_pillars,
          minmay_misc_feat_rows, hangedman_decor_clover_reticule,
          dk_noncrumbling_2, chequers_decorated_corner
D:2:      layout_rooms, shapermc_ecumenical_altar_pompeii, basic_altar,
          uniq_jessica
D:3:      layout_basic, lexackson_kobold_supper

Skill      XL: |  1  2  3  4 |
---------------+-------------+-----
Fighting       | 4 |  4.4
Dodging        | 3 |  3.2
Axes           | 4 |  4.1

Action                   |  1- 3 |  4- 6 || total
-------------------------+-------+-------++-------
Melee: Hand axe          |    33 |    32 ||    65
       Tailslap          |     3 |     6 ||     9
Invok: Berserk           |     1 |     1 ||     2
Armor: Skin              |    11 |     3 ||    14
Dodge: Dodged            |    48 |    22 ||    70

Table legend: (Time is in decaauts)
 A = Elapsed time spent in this place.
 B = Non-inter-level travel time spent in this place.
 C = Inter-level travel time spent in this place.
 D = Time resting spent in this place.
 E = Time spent auto-exploring this place.
 F = Levels seen in this place.
 G = Mean time per level.
                   A        B        C        D        E       F      G
               +--------+--------+--------+--------+--------+-----+--------+
         Total |   1644 |   1604 |     40 |      0 |   1325 |   3 |  548.0 |
       Dungeon |   1644 |   1604 |     40 |      0 |   1325 |   3 |  548.0 |
               +--------+--------+--------+--------+--------+-----+--------+

Top non-repeatable levels by time:
     D:2: 889 daAuts
     D:1: 734 daAuts
     D:3: 20 daAuts
